 Dungeon Crawl Stone Soup version 0.24.0-125-gc4c63601f3 (webtiles) character file.

Game seed: 14171912859531109723, levelgen mode: deterministic

208581 MajorAdolf the Severer (level 18, -9/177 HPs)
             Began as a Naga Wanderer on Feb 18, 2020.
             Was an Initiate of Gozag.
             Killed from afar by a deep elf death mage (38 damage)
             ... with a bolt of negative energy
             ... on level 2 of the Elven Halls on Feb 23, 2020.
             The game lasted 01:46:34 (42278 turns).

MajorAdolf the Severer (Naga Wanderer)             Turns: 42278, Time: 01:46:36

Health: -9/177     AC: 36    Str: 26    XL:     18   Next: 79%
Magic:  0/26       EV:  8    Int: 10    God:    Gozag
Gold:   2290       SH: 26    Dex: 13    Spells: 17/17 levels left

rFire    + . .     SeeInvis +   G - +8 broad axe (protect)
rCold    + . .     Gourm    .   D - +3 large shield
rNeg     . . .     Faith    .   y - +4 chain mail of the Villain {rC+}
rPois    +         Spirit   +   z - +2 hat {MR+}
rElec    .         Reflect  +   J - scarf {Spirit}
rCorr    .         Harm     .   F - +2 pair of gloves {Str+3}
MR       +++..                  (no barding)
Stlth    ..........             n - +5 amulet of reflection
HPRegen  0.39/turn              L - ring of protection from fire
MPRegen  0.20/turn              r - +4 ring of protection

@: lethally poisoned (-9 -> -9), protection aura, studying Axes, heavily
drained, very slow
A: large, icy blue scales 1, see invisible, deformed body, poison resistance,
slowness 2, slow metabolism 1, spit poison 1, MP-powered wands, constrict 1, AC
+6
}: 1/15 runes: decaying
a: Spit Poison, Potion Petition, Call Merchant, Bribe Branch, Renounce Religion


You were on level 2 of the Elven Halls.
You worshipped Gozag.
Gozag was most pleased with you.
You were not hungry.

You visited 6 branches of the dungeon, and saw 32 of its levels.
You also visited: Ossuary, Ice Cave and Volcano.

You collected 8477 gold pieces.
You spent 5207 gold pieces at shops.
You paid 980 gold pieces to Gozag.

Inventory:

Hand Weapons
 a - the +1 hand axe of Exquisite Death {flame, rN+}
   (You found it on level 4 of the Dungeon)

   It has been specially enchanted to burn those struck by it, causing extra
   injury to most foes and up to half again as much damage against particularly
   susceptible opponents.
   Big, fiery blades are also staple armaments of hydra-hunters.
   It protects you from negative energy.
 b - a +2 broad axe of electrocution
 d - the +4 war axe "Dragon's Foe" {freeze, rC+}
   (You bought it in a shop on level 5 of the Dungeon)

   It has been specially enchanted to freeze those struck by it, causing extra
   injury to most foes and up to half again as much damage against particularly
   susceptible opponents.
   It can also slow down cold-blooded creatures.
   It protects you from cold.
 G - a +8 broad axe of protection (weapon)
Armour
 y - the +4 chain mail of the Villain (worn) {rC+}
   (You bought it in a shop on level 2 of the Orcish Mines)

   It protects you from cold.
 z - a +2 hat of magic resistance (worn)
 D - a +3 large shield (worn)
 F - a +2 pair of gloves of strength (worn)
 J - a scarf of spirit shield (worn)
Jewellery
 l - an uncursed ring of protection from magic
 n - a +5 amulet of reflection (around neck)
 p - an uncursed ring of protection from cold
 r - a +4 ring of protection (right hand)
 E - an uncursed ring of positive energy
 L - a ring of protection from fire (left hand)
 T - an uncursed ring of resist corrosion
 W - an uncursed ring of fire
Wands
 q - a wand of polymorph (2)
 w - a wand of flame (71)
 H - a wand of scattershot (9)
 K - a wand of digging (7)
 M - a wand of acid (37)
 R - a wand of paralysis (5)
 U - a wand of iceblast (28)
Scrolls
 g - 2 scrolls of fear
 h - 17 scrolls of teleportation
 j - 9 scrolls of remove curse
 t - 2 scrolls of enchant weapon
 v - 2 scrolls of amnesia
 x - 5 scrolls of identify
 V - 6 scrolls of magic mapping
 Y - a scroll of enchant armour
Potions
 c - 4 potions of lignification
 e - 7 potions of agility
 i - 5 potions of brilliance
 k - 2 potions of invisibility
 m - 2 potions of haste
 o - a potion of ambrosia
 s - 9 potions of heal wounds
 A - 7 potions of flight
 B - 23 potions of curing
 I - 4 potions of might
 N - 3 potions of cancellation
 P - 6 potions of magic
 Q - 2 potions of berserk rage
 S - 2 potions of resistance
Books
 X - a manual of Axes
Miscellaneous
 u - a lightning rod (4/4)
 C - a lamp of fire
 Z - 2 sacks of spiders
Comestibles
 f - 45 rations


   Skills:
 + Level 14.8(12.5) Fighting
   Level 2.0(0.3) Short Blades
 + Level 16.3(13.9) Axes
   Level 1.0(8.9) Maces & Flails
 + Level 12.5(10.2) Armour
 + Level 8.1(6.1) Dodging
 - Level 3.0(1.3) Stealth
 + Level 12.4(10.2) Shields
 + Level 11.5(9.3) Evocations


You had 17 spell levels left.
You didn't know any spells.
Your spell library contained the following spells:

 Spells                   Type           Power        Failure   Level  Hunger
 Sandblast                Erth           #.....       99%         1    ##.....
 Shock                    Conj/Air       #...         99%         1    ##.....
 Sting                    Conj/Pois      #...         99%         1    ##.....
 Summon Small Mammal      Summ           #...         99%         1    ##.....
 Call Imp                 Summ           #.......     100%        2    ###....
 Passwall                 Tmut/Erth      #.......     100%        2    ###....
 Poisonous Vapours        Pois/Air       #.....       100%        2    ###....
 Swiftness                Chrm/Air       #.......     100%        2    ###....
 Call Canine Familiar     Summ           #.......     100%        3    ####...
 Mephitic Cloud           Conj/Pois/Air  #.......     100%        3    ####...
 Recall                   Summ/Tloc      N/A          100%        3    ####...
 Static Discharge         Conj/Air       #.......     100%        3    ####...
 Stone Arrow              Conj/Erth      #.....       100%        3    ####...
 Summon Guardian Golem    Hex/Summ       #.......     100%        3    ####...
 Airstrike                Air            #.........   100%        4    #####..
 Animate Dead             Necr           N/A          100%        4    #####..
 Olgreb's Toxic Radiance  Pois           #.......     100%        4    #####..
 Petrify                  Tmut/Erth      #.......     100%        4    #####..
 Summon Ice Beast         Ice/Summ       #.......     100%        4    #####..
 Summon Lightning Spire   Summ/Air       #.......     100%        4    #####..
 Aura of Abjuration       Summ           #.........   100%        5    ######.
 Borgnjor's Vile Clutch   Necr/Erth      #.........   100%        5    ######.
 Irradiate                Conj/Tmut      #.........   100%        5    ######.
 Lee's Rapid Deconstruct  Erth           #.........   100%        5    ######.
 Lightning Bolt           Conj/Air       #.........   100%        5    ######.
 Summon Demon             Summ           #.........   100%        5    ######.
 Summon Forest            Summ/Tloc      #.........   100%        5    ######.
 Summon Mana Viper        Hex/Summ       #.......     100%        5    ######.
 Venom Bolt               Conj/Pois      #.........   100%        5    ######.
 Death Channel            Necr           #.........   100%        6    #######
 Hydra Form               Tmut           #.........   100%        6    #######
 Shadow Creatures         Summ           N/A          100%        6    #######
 Simulacrum               Ice/Necr       #.........   100%        6    #######
 Statue Form              Tmut/Erth      #........    100%        6    #######
 Dragon Form              Tmut           #.........   100%        7    #######


Dungeon Overview and Level Annotations

Branches:
Dungeon (15/15)            Temple (0/1) D:7            Lair (6/6) D:11
  Swamp (4/4) Lair:3        Snake (0/4) Lair:3        Slime (2/5) Lair:6
    Orc (2/2) D:10            Elf (3/3) Orc:2        Vaults (0/5) D:14
 Depths (0/5) D:15        Ossuary (visited)           IceCv (visited)
Volcano (visited)

Altars:
Ashenzari
Cheibriados
Fedhas
Gozag
Hepliaklqana
Kikubaaqudgha
Makhleb
Ru
Vehumet
Wu Jian
Zin
The Shining One
Beogh
Jiyva

Shops:
D:5 =*(   D:9 [   Orc:2 }(![   Elf:1 :(!}!

Portals:
Trove: D:10 (show abyssal rune of Zot)

Annotations:
D:5 exclusion: ice beast
D:9 exclusion: downstairs
D:15 Jorgrun
Elf:2 3 runed translucent doors


Innate Abilities, Weirdness & Mutations

You cannot wear boots.
Your serpentine skin is tough. (AC +6)
You have supernaturally acute eyesight. (SInv)
Armour fits poorly on your strangely shaped body.
Your system is resistant to poisons. (rPois)
You cover ground very slowly.
You have a slow metabolism.
You can spit poison.
You can use your snake-like lower body to constrict enemies.
You are partially covered in icy blue scales. (AC +2)
You expend magic power (3 MP) to strengthen your wands.


Message History

Unknown command.
You miss the deep elf death mage. You grab the deep elf death mage.
The deep elf death mage is heavily wounded.
You constrict the deep elf death mage.
The deep elf death mage beckons forth a restless soul!
You hit the deep elf death mage.
Your weapon exudes an aura of protection.
The deep elf death mage is heavily wounded.
You constrict the deep elf death mage.
You feel sick.
The deep elf death mage seems less brilliant.
The deep elf death mage casts a spell at you.
The bolt of negative energy hits you!
You feel drained.
* * * LOW HITPOINT WARNING * * *
You slash the deep elf death mage!
The deep elf death mage is severely wounded.
You constrict the deep elf death mage.
The deep elf death mage points at you and mumbles some strange words.
The bolt of negative energy hits you!!!
You feel drained.
You die...
Your body crumbles into a pile of gold.

.'..#...#..#...<............#
.#..#...#..#................#
.#..#...#..#................#
.#..#...#..#................#
.#..#...#..'................#
.#..#...#..#...*...[........#
.#..#####..#................#
.#.........#....e...........#
.#.........#....@)..........#
.###########.....[..........#
............................#
............................#
#############################


You could see a deep elf death mage and a lost soul.

Vanquished Creatures
  the Lernaean hydra (Swamp:4)
  3 acid blobs (Slime:1)
  2 deep elf blademasters
  2 thorn hunters
  An azure jelly (Slime:1)
  2 deep elf sorcerers (Elf:3)
  3 deep elf elementalists (Elf:3)
  6 deep elf demonologists (Elf:3)
  Azrael (D:15)
  A red draconian (Volcano)
  Snorg (Orc:2)
  5 deep elf annihilators (Elf:3)
  Josephine (Lair:4)
  5 deep elf death magi
  A yaktaur captain (D:15)
  A deep elf high priest (Elf:3)
  2 vault guards (D:14)
  A great orb of eyes (Slime:1)
  Erolcha (D:11)
  2 shambling mangroves
  4 catoblepae
  16 hydras
  5 centaur warriors
  10 alligators
  A death knight (D:15)
  2 ogre magi (Orc:2)
  4 two-headed ogres
  6 death yaks (Lair:6)
  Urug (Lair:5)
  An orc high priest (Orc:2)
  11 deep elf knights
  Nergalle (D:11)
  2 spriggan druids (Swamp:4)
  5 unseen horrors
  A wizard (D:14)
  4 deep elf archers (Elf:1)
  13 swamp dragons
  A glowing orange brain (shapeshifter) (Elf:1)
  27 deep elf magi
  2 orc knights (Orc:2)
  2 necromancers (D:14)
  10 ugly things
  An oklob plant (Lair:6)
  8 orc sorcerers (Orc:2)
  A shining eye (Slime:1)
  7 cyclopes
  11 elephants
  4 manticores
  3 ice statues (IceCv)
  2 gargoyles
  3 black mambas
  14 spiny frogs
  4 orange demons (Elf:3)
  4 yaktaurs
  A freezing wraith (D:12)
  8 komodo dragons
  2 kobold demonologists (D:13)
  2 rime drakes
  A redback zombie (D:12)
  6 trolls
  A tyrant leech (shapeshifter) (D:15)
  10 hornets
  A harpy skeleton (D:15)
  11 tyrant leeches
  36 slime creatures
  7 bog bodies
  18 blink frogs
  5 hippogriffs
  A meliai zombie (D:11)
  2 vampires
  A centaur simulacrum (D:12)
  5 spriggans
  A tarantella (shapeshifter) (D:13)
  2 shadows (D:15)
  3 air elementals
  3 wyverns
  61 yaks
  8 water elementals
  8 wraiths
  5 fire elementals
  18 humans (D:14)
  2 basilisks
  3 fire bats (Lair:6)
  A steam dragon (Lair:3)
  10 vampire mosquitoes
  5 hungry ghosts
  5 wargs
  An acid dragon (D:13)
  23 insubstantial wisps
  15 swamp worms
  12 water moccasins
  10 porcupines
  3 hell hounds (D:15)
  10 swamp drakes
  20 ice beasts
  24 orc warriors
  A meliai simulacrum (D:14)
  2 black bears
  5 sky beasts
  A phantom (D:9)
  2 eyes of draining (D:10)
  A necrophage (D:10)
  14 ogres
  7 wolves
  4 boggarts (D:15)
  12 centaurs
  3 big kobolds
  3 elf zombies (Ossuary)
  11 crocodiles
  A bullfrog (shapeshifter) (D:15)
  15 bullfrogs
  An earth elemental (Elf:2)
  A wyvern skeleton (D:11)
  6 scorpions
  5 killer bees (D:11)
  A spriggan skeleton (D:11)
  3 wights (D:12)
  7 electric eels
  3 howler monkeys
  2 bullfrog zombies
  8 centaur zombies
  10 crimson imps
  A wyvern simulacrum (D:12)
  A quasit (D:7)
  7 jellies
  4 hounds
  4 bullfrog skeletons
  6 orc priests
  7 centaur skeletons
  Natasha (thrice) (D:2)
  Terence (D:3)
  2 iguanas
  31 orc wizards
  9 worker ants
  2 killer bee zombies
  A big kobold zombie (Ossuary)
  A bullfrog simulacrum (D:12)
  A hound skeleton (D:7)
  2 mummies (Ossuary)
  2 worker ant zombies
  9 adders
  3 gnolls (D:3)
  5 shadow imps
  2 white imps (D:12)
  2 ufetubi (D:12)
  An ooze (D:3)
  4 adder zombies
  3 dart slugs
  6 leopard geckos
  67 orcs
  8 bats
  4 giant cockroaches
  15 goblins
  6 hobgoblins
  5 jackals
  6 quokkas
  A ball python (D:2)
  6 frilled lizards
  A goblin zombie (Ossuary)
  8 hobgoblin zombies (Ossuary)
  2 jackal zombies (Ossuary)
  12 kobolds
  7 kobold zombies (Ossuary)
  A leopard gecko skeleton (D:9)
  2 leopard gecko zombies
  10 orc zombies (Ossuary)
  A quokka skeleton (D:6)
  11 rats
  A rat zombie (Ossuary)
  4 fungi
  2 plants (Lair:6)
1033 creatures vanquished.

Vanquished Creatures (others)
  2 deep elf master archers
  A deep elf annihilator (Elf:3)
  A hydra (Swamp:4)
  7 dancing weapons
  An alligator (Swamp:2)
  2 deep elf archers (Elf:1)
  A cyclops (D:11)
  An ugly thing (IceCv)
  A yaktaur (Volcano)
  A human (D:14)
  A centaur (D:15)
  2 fungi
  4 plants (Lair:6)
25 creatures vanquished.

Grand Total: 1058 creatures vanquished

Notes
Turn   | Place    | Note
-------+----------+-------------------------------------------
     0 | D:1      | MajorAdolf the Naga Wanderer began the quest for the Orb.
     0 | D:1      | MajorAdolf set off with the following items: a +2 short
                  | sword, a potion of lignification, a +0 ring mail, a +0
                  | dagger, a ration
     0 | D:1      | Reached XP level 1. HP: 19/19 MP: 1/1
    66 | D:1      | Reached XP level 2. HP: 9/27 MP: 2/2
   484 | D:1      | Reached XP level 3. HP: 28/34 MP: 3/3
  1156 | D:2      | Reached XP level 4. HP: 44/44 MP: 4/4
  1465 | D:2      | Noticed Natasha
  1481 | D:2      | Killed Natasha
  1601 | D:2      | Noticed Natasha
  1612 | D:2      | Killed Natasha
  1612 | D:2      | Reached skill level 5 in Fighting
  1612 | D:2      | Reached XP level 5. HP: 39/52 MP: 5/5
  1690 | D:2      | Noticed Natasha
  1698 | D:2      | Killed Natasha
  2125 | D:3      | Noticed Terence
  2132 | D:3      | Killed Terence
  2132 | D:3      | Reached skill level 1 in Shields
  2276 | D:3      | Reached XP level 6. HP: 53/61 MP: 6/6
  2875 | D:4      | Reached skill level 1 in Axes
  3442 | D:4      | Got a crude hand axe
  4002 | D:5      | Entered Level 5 of the Dungeon
  4017 | D:5      | Found an opulent altar of Gozag.
  4184 | D:5      | Reached skill level 2 in Axes
  4184 | D:5      | Reached XP level 7. HP: 68/68 MP: 7/7
  4197 | D:5      | Found Saxta's Antique Weapon Emporium.
  4198 | D:5      | Found Sidetz's Assorted Antiques.
  4209 | D:5      | Bought a scroll labeled KADWO GAEPH for 20 gold pieces
  4209 | D:5      | Bought a scroll labeled BEULEN BEYTYJ for 20 gold pieces
  4258 | D:5      | Found Qaiptest's Jewellery Emporium.
  4887 | D:6      | Identified the cursed +1 hand axe of Exquisite Death
                  | {flame, rN+} (You found it on level 4 of the Dungeon)
  4916 | D:5      | Bought an ancient war axe for 170 gold pieces
  4916 | D:5      | Bought an orange potion for 18 gold pieces
  4954 | D:6      | Reached skill level 3 in Axes
  4996 | D:6      | Reached skill level 4 in Axes
  5037 | D:6      | Found a sand-covered staircase.
  5044 | Ossuary  | Entered an ossuary
  5293 | Ossuary  | HP: 3/68 [elf zombie (4)]
  5297 | Ossuary  | Reached skill level 5 in Axes
  5333 | Ossuary  | Gained mutation: You are robust. (+10% HP) [potion of
                  | mutation]
  5333 | Ossuary  | Gained mutation: You are partially covered in icy blue
                  | scales. (AC +2) [potion of mutation]
  5335 | Ossuary  | Reached XP level 8. HP: 6/83 MP: 8/8
  5336 | Ossuary  | HP: 1/83 [elf zombie (5)]
  5758 | Ossuary  | Reached skill level 6 in Axes
  6048 | D:6      | Identified the +4 war axe "Dragon's Foe" {freeze, rC+} (You
                  | bought it in a shop on level 5 of the Dungeon)
  6083 | D:6      | Reached skill level 7 in Axes
  6523 | D:7      | Found a staircase to the Ecumenical Temple.
  6534 | D:7      | Reached skill level 8 in Axes
  6742 | D:7      | Reached XP level 9. HP: 90/90 MP: 9/9
  7461 | D:8      | Reached skill level 9 in Axes
  7601 | D:8      | Found a shattered altar of Ashenzari.
  7954 | D:9      | Found Edum Coi's Armour Shop.
  7993 | D:9      | Reached XP level 10. HP: 40/101 MP: 10/10
  8384 | D:9      | Reached skill level 5 in Shields
  8393 | D:9      | Reached skill level 5 in Armour
  9226 | D:9      | Reached skill level 10 in Axes
  9419 | D:9      | Found a hazy altar of Hepliaklqana.
  9487 | D:9      | Found a snail-covered altar of Cheibriados.
  9489 | D:9      | Found a blossoming altar of Fedhas.
  9490 | D:9      | Found an ornate altar of the Wu Jian Council.
  9491 | D:9      | Found a glowing silver altar of Zin.
  9492 | D:9      | Found a burning altar of Makhleb.
  9542 | D:10     | Entered Level 10 of the Dungeon
  9542 | D:10     | Noticed a two-headed ogre
  9542 | D:10     | Noticed an unseen horror
  9553 | D:10     | Found a sacrificial altar of Ru.
  9838 | D:10     | Found a portal to a secret trove of treasure.
  9941 | D:10     | Killed an unseen horror
 10179 | D:10     | Reached XP level 11. HP: 58/113 MP: 11/11
 10805 | D:10     | Found a staircase to the Orcish Mines.
 11375 | D:10     | Killed a two-headed ogre
 11748 | D:11     | Noticed a red ugly thing
 11806 | D:11     | Noticed a cyclops
 12251 | D:10     | Killed a red ugly thing
 12346 | D:11     | Reached skill level 11 in Axes
 12350 | D:11     | Noticed a cyclops
 12358 | D:11     | Killed a cyclops
 12370 | D:11     | Noticed a two-headed ogre
 12657 | D:11     | Killed a two-headed ogre
 12680 | D:11     | Noticed Erolcha
 12681 | D:11     | Noticed a cyan ugly thing
 12694 | D:11     | Killed Erolcha
 12768 | D:11     | Noticed Nergalle
 13184 | D:11     | Noticed a spectral orc warlord
 13186 | D:11     | Killed Nergalle
 13186 | D:11     | Reached XP level 12. HP: 120/126 MP: 12/12
 14066 | D:5      | Bought a glowing scale mail for 140 gold pieces
 14066 | D:5      | Bought an ivory ring for 100 gold pieces
 14184 | D:12     | Noticed a two-headed ogre
 14194 | D:12     | Killed a two-headed ogre
 14560 | D:12     | Reached skill level 10 in Fighting
 14594 | D:12     | Found a frozen archway.
 14621 | IceCv    | Entered an ice cave
 14923 | IceCv    | Reached skill level 12 in Axes
 15476 | D:12     | Reached skill level 1 in Evocations
 16042 | D:12     | Gained mutation: You can use your snake-like lower body to
                  | constrict enemies. [Naga growth]
 16042 | D:12     | Reached XP level 13. HP: 113/136 MP: 14/14
 18103 | D:14     | Got a transparent robe
 19207 | D:14     | Reached skill level 5 in Evocations
 19209 | D:14     | Reached skill level 13 in Axes
 19265 | D:14     | Found a gate to the Vaults.
 19265 | D:14     | Noticed a vault guard
 19265 | D:14     | Noticed a vault guard
 19277 | D:14     | Reached XP level 14. HP: 138/148 MP: 14/17
 19583 | D:15     | Entered Level 15 of the Dungeon
 19799 | D:15     | Found a glowing golden altar of the Shining One.
 20040 | D:15     | Found a staircase to the Depths.
 20521 | D:15     | Noticed Azrael
 20537 | D:15     | Noticed Jorgrun
 21871 | D:15     | Killed Azrael
 22283 | D:11     | Identified a scroll of acquirement
 22284 | D:11     | Got an encrusted shield
 22297 | D:11     | Identified the +0 shield of the Moneychanger {Int+9 Stlth+}
                  | (You acquired it on level 11 of the Dungeon)
 22319 | D:11     | Identified the +2 robe of Marbles {MR+} (You found it on
                  | level 14 of the Dungeon)
 22386 | D:11     | Found a staircase to the Lair.
 22462 | D:11     | Reached skill level 10 in Shields
 22619 | D:5      | Became a worshipper of Gozag Ym Sagoz the Greedy
 22778 | Lair:1   | Entered Level 1 of the Lair of Beasts
 23160 | Lair:1   | Reached skill level 10 in Armour
 23289 | Lair:1   | Reached skill level 1 in Dodging
 24573 | Lair:3   | Reached XP level 15. HP: 157/160 MP: 20/20
 24597 | Lair:3   | Found a staircase to the Snake Pit.
 24842 | Lair:3   | Found a staircase to the Swamp.
 25397 | Lair:4   | Noticed Josephine
 25413 | Lair:4   | Killed Josephine
 25919 | Lair:5   | Noticed Urug
 26115 | Lair:5   | Killed Urug
 26869 | Lair:6   | Entered Level 6 of the Lair of Beasts
 27011 | Lair:6   | Found a dark tunnel.
 27025 | Volcano  | Entered a volcano
 27099 | Volcano  | Reached skill level 14 in Axes
 27386 | Lair:6   | Found a viscous altar of Jiyva.
 27387 | Lair:6   | Found a staircase to the Slime Pits.
 28594 | Orc:1    | Entered Level 1 of the Orcish Mines
 28916 | Orc:2    | Entered Level 2 of the Orcish Mines
 28916 | Orc:2    | Noticed Snorg
 28925 | Orc:2    | Killed Snorg
 28925 | Orc:2    | Reached XP level 16. HP: 161/171 MP: 19/22
 29328 | Orc:2    | Found a staircase to the Elven Halls.
 29389 | Orc:2    | Found Zuor's Gadget Shoppe.
 29402 | Orc:2    | Found Nuiginom's Antique Armour Emporium.
 29423 | Orc:2    | Bought a bloodstained chain mail for 275 gold pieces
 29423 | Orc:2    | Bought a pair of glowing gloves for 217 gold pieces
 29444 | Orc:2    | Identified the +4 chain mail of the Villain {rC+} (You
                  | bought it in a shop on level 2 of the Orcish Mines)
 29460 | Orc:2    | Found an ancient bone altar of Kikubaaqudgha.
 29681 | Orc:2    | Found a radiant altar of Vehumet.
 29725 | Orc:2    | Bought a wand of digging (7) for 352 gold pieces
 29725 | Orc:2    | Bought a wand of iceblast (8) for 192 gold pieces
 29725 | Orc:2    | Bought a sack of spiders for 320 gold pieces
 29725 | Orc:2    | Bought a sack of spiders for 320 gold pieces
 29748 | Orc:2    | Found a roughly hewn altar of Beogh.
 29749 | Orc:2    | Found Dyedeong's Distillery.
 29777 | Orc:2    | Found Beohal's Antique Weapon Emporium.
 29799 | Orc:2    | Bought a potion of flight for 42 gold pieces
 29799 | Orc:2    | Bought a potion of curing for 42 gold pieces
 29799 | Orc:2    | Bought a potion of magic for 112 gold pieces
 29799 | Orc:2    | Bought a potion of curing for 42 gold pieces
 29799 | Orc:2    | Bought a potion of berserk rage for 70 gold pieces
 29799 | Orc:2    | Bought a potion of might for 56 gold pieces
 29799 | Orc:2    | Bought a potion of curing for 42 gold pieces
 29799 | Orc:2    | Bought a potion of agility for 56 gold pieces
 29808 | Orc:2    | Bought a glowing broad axe for 161 gold pieces
 30172 | Swamp:1  | Entered Level 1 of the Swamp
 30615 | Swamp:1  | Reached skill level 5 in Dodging
 31247 | Swamp:2  | Noticed a thorn hunter
 31259 | Swamp:2  | Killed a thorn hunter
 32825 | Swamp:3  | Paralysed by a hornet for 3 turns
 33126 | Swamp:4  | Entered Level 4 of the Swamp
 33340 | Swamp:4  | Noticed a thorn hunter
 33544 | Swamp:4  | Killed a thorn hunter
 33544 | Swamp:4  | Reached XP level 17. HP: 124/181 MP: 17/24
 33988 | Swamp:4  | Noticed the 27-headed Lernaean hydra
 34489 | Swamp:4  | Reached skill level 15 in Axes
 34495 | Swamp:4  | Killed the ten-headed Lernaean hydra
 34495 | Swamp:4  | Reached skill level 10 in Evocations
 35170 | Swamp:4  | Got a decaying rune of Zot
 35645 | Slime:1  | Entered Level 1 of the Pits of Slime
 35690 | Slime:1  | Noticed an acid blob
 36137 | Slime:1  | Killed an acid blob
 36284 | Slime:1  | Gained mutation: You are dopey. (Int -2) [a shining eye]
 36285 | Slime:1  | Gained mutation: You are weak. (Str -2) [a shining eye]
 36287 | Slime:1  | Noticed an acid blob
 36287 | Slime:1  | Gained mutation: You occasionally shout uncontrollably at
                  | your foes. [a shining eye]
 36303 | Slime:1  | Killed an acid blob
 37089 | Slime:2  | Noticed an acid blob
 37093 | Slime:2  | Noticed an acid blob
 37105 | Slime:1  | Killed an acid blob
 37661 | Orc:2    | Bought a potion of mutation for 112 gold pieces
 37661 | Orc:2    | Lost mutation: You are dopey. (Int -2) [potion of mutation]
 37661 | Orc:2    | Lost mutation: You are robust. (+10% HP) [potion of
                  | mutation]
 37661 | Orc:2    | Lost mutation: You occasionally shout uncontrollably at
                  | your foes. [potion of mutation]
 37661 | Orc:2    | Lost mutation: You are weak. (Str -2) [potion of mutation]
 37661 | Orc:2    | Gained mutation: You possess an exceptional clarity of
                  | mind. [potion of mutation]
 37661 | Orc:2    | Lost mutation: You possess an exceptional clarity of mind.
                  | [potion of mutation]
 37661 | Orc:2    | Gained mutation: You expend magic power (3 MP) to
                  | strengthen your wands. [potion of mutation]
 37719 | Elf:1    | Entered Level 1 of the Elven Halls
 37757 | Elf:1    | Found Goajoh Ybbo's Gadget Boutique.
 37827 | Elf:1    | Found Wiesk's Distillery.
 37829 | Elf:1    | Bought a lamp of fire for 720 gold pieces
 37829 | Elf:1    | Bought a wand of acid (12) for 576 gold pieces
 37829 | Elf:1    | Bought a wand of acid (11) for 540 gold pieces
 37829 | Elf:1    | Found Opooche's Distillery.
 37835 | Elf:1    | Bought a potion of lignification for 39 gold pieces
 37835 | Elf:1    | Bought a potion of might for 52 gold pieces
 37835 | Elf:1    | Bought a potion of heal wounds for 65 gold pieces
 37840 | Elf:1    | Bought a potion of magic for 112 gold pieces
 37840 | Elf:1    | Bought a potion of agility for 56 gold pieces
 37840 | Elf:1    | Bought a potion of agility for 56 gold pieces
 37840 | Elf:1    | Bought a potion of agility for 56 gold pieces
 37840 | Elf:1    | Bought a potion of agility for 56 gold pieces
 37847 | Elf:1    | Found Daum's Antique Weapon Shop.
 38007 | Elf:1    | Found the +8 arc blade {discharge, rElec}
 38251 | Elf:1    | Found Owkoar's Book Shop.
 38805 | Elf:2    | Reached XP level 18. HP: 163/176 MP: 24/26
 38854 | Elf:2    | Found a runed translucent gate.
 38854 | Elf:2    | Found a runed translucent gate.
 38855 | Elf:2    | Found a runed translucent gate.
 39404 | Elf:3    | Entered Level 3 of the Elven Halls
 39822 | Elf:3    | Noticed a deep elf blademaster
 39846 | Elf:2    | Killed a deep elf blademaster
 40334 | Elf:3    | Noticed a deep elf blademaster
 40341 | Elf:3    | Noticed a Tzitzimitl
 40346 | Elf:3    | Killed a deep elf blademaster
 40561 | Elf:3    | Noticed a Tzitzimitl
 40653 | Elf:3    | Noticed a deep elf master archer
 40656 | Elf:3    | Noticed a Brimstone Fiend
 40657 | Elf:3    | Identified the cursed +0 spear "Bouloy" {venom, Str+3}
 40657 | Elf:3    | Noticed a deep elf master archer
 40663 | Elf:3    | Killed a deep elf master archer
 40663 | Elf:3    | Reached skill level 16 in Axes
 40667 | Elf:3    | Noticed a Hell Sentinel
 40926 | Elf:2    | Killed a deep elf master archer
 41791 | Elf:3    | Noticed an Ice Fiend
 41939 | Elf:3    | Identified the cursed +1 scale mail of the Invisible Hand
                  | {rN++ Dex+4}
 41939 | Elf:3    | Identified the cursed +1 robe of Lucidity {rPois MR+ Regen+
                  | Stlth-}
 41954 | Elf:3    | Noticed a Hell Sentinel
 42265 | Elf:3    | Noticed an Ice Fiend
 42278 | Elf:2    | Killed from afar by a deep elf death mage

Levels and vault maps discovered:
D:1:      dpeg_arrival_lava_altar, layout_rooms,
          wander_ebering_terrifying_dragon_lair
D:2:      layout_rooms, uniq_natasha
D:3:      layout_loops_ring, kennysheep_generic_room_16, uniq_terence
D:4:      layout_layer_cave
D:5:      layout_basic, first_ration, serial_shops, shop_fountains, shop,
          shop_statue, nicolae_gozag_seed_capital
D:6:      layout_cave_pools, chequers_ossuary_entry_cave,
          kennysheep_generic_room_6
D:7:      layout_loops_ring, temple_pool_b
D:8:      layout_rooms, lemuel_round_altar, serial_glass, glass_columns_b,
          glass_columns_a
D:9:      layout_roguey, minitemple, marbit_many_paths, serial_shops, shop
D:10:     layout_basic, david_orc_3, basic_altar,
          nicolae_trove_entry_free_sample, blue_anna_alchemist
          [blue_anna_fruit_fields, blue_anna_fruit_fields]
D:11:     layout_rooms, lair_entry_dummy, enter_bailey_3,
          hangedman_tell_no_tales, uniq_nergalle, uniq_erolcha
D:12:     layout_roguey, serial_ice, serial_ice_o, serial_ice_e, serial_ice_d,
          serial_ice_l, serial_ice_c, serial_ice_h,
          portal_ice_cave_entry_ice_beasts
D:13:     layout_loops_cross
D:14:     layout_gridville, grunt_vaults_entry_tiered, columned_hall_lemuel
D:15:     grunt_enter_depths_snipers, layout_long_grid, gauntlet_entry_generic,
          nicolae_tso_carved_into_rock, st_stairs_4, grunt_decor_resistance,
          uniq_jorgrun, uniq_azrael
Lair:1:   layout_regular_city, beast_lair_carwin_11, grunt_megastairs_1
Lair:2:   layout_regular_city
Lair:3:   layout_chaotic_city, swamp_mist, dummy_snake_entry
Lair:4:   layout_hall_layers, serial_bayou_shore_a, infiniplex_staircase_pool_2,
          uniq_josephine
Lair:5:   layout_regular_city, grunt_megastairs_4, uniq_urug
Lair:6:   evilmike_catoblepas_cave, layout_regular_city, slime_altar_1,
          nicolae_volcano_entry_batcave, minmay_lair_oklob_items, worms_lemuel,
          lemuel_fruit_tree
Swamp:1:  layout_basic_swamp, evilmike_swamp_ruin_house_5
Swamp:2:  layout_falls_marsh, evilmike_swamp_ruin_house_3
Swamp:3:  layout_basic_swamp, evilmike_swamp_ruin_house_2,
          infiniplex_staircase_pool
Swamp:4:  swamp_old_school, layout_basic_swamp, swamp_pool1,
          nicolae_swamp_alligator_family
Slime:1:  layout_caves
Slime:2:  layout_caves, cheibrodos_slime_lost_civilization_5
Orc:1:    layout_diamond_mine
Orc:2:    kennysheep_orc_mage_school, layout_caves, uniq_snorg
Elf:1:    minmay_the_grid_four_pointed_star_mashed
          [minmay_the_grid_triangle_9x9_stretched_checkered,
          minmay_the_grid_triangle_9x9_descending_squares,
          minmay_the_grid_triangle_9x9_limited_checkers,
          minmay_the_grid_triangle_9x9_flanged_cone,
          minmay_the_grid_prize_four_corners_diamond_b], layout_loops_cross,
          serial_shops, shop_fountains, shop, shop,
          nicolae_shop_window_shopping, shop, minmay_fountain_box, fountainhead,
          minivault_5, minmay_checkered_concentric_circles
Elf:2:    layout_onion_city, uniq_louise
Elf:3:    elf_hall, layout_loops_corners, einodemon_barbed_minivault

Skill      XL: |  1  2  3  4  5  6  7  8  9 10 11 12 13 14 15 16 17 18 |
---------------+-------------------------------------------------------+-----
Fighting       | 3 4 5 6 8 9 10 11 12 13 14 | 14.8
Shields        | 1 2 3 4 6 7 8 9 10 11 12 | 12.4
Axes           | 2 5 8 9 10 11 12 13 14 15 16 | 16.3
Armour         | 4 6 7 8 9 10 11 12 | 12.5
Evocations     | 2 5 7 8 9 10 11 | 11.5
Dodging        | 1 4 5 7 8 |  8.1
Short Blades   | |  2.0
Maces & Flails | |  1.0
Stealth        | |  3.0

Action                   |  1- 3 |  4- 6 |  7- 9 | 10-12 | 13-15 | 16-18 || total
-------------------------+-------+-------+-------+-------+-------+-------++-------
Melee: Short sword       |    94 |   152 |       |       |       |       ||   246
       Hand axe          |       |    58 |   286 |       |    49 |   117 ||   510
       War axe           |       |       |   168 |   702 |  1120 |    72 ||  2062
       Constrict         |       |       |       |       |   186 |   170 ||   356
       Broad axe         |       |       |       |       |       |   981 ||   981
Invok: Potion Petition   |       |       |       |       |       |     2 ||     2
 Abil: Spit Poison       |    13 |    28 |    11 |    19 |     4 |     3 ||    78
Evoke: Wand              |       |       |    10 |    18 |     2 |     1 ||    31
  Use: Scroll            |       |     4 |     7 |    10 |    15 |    20 ||    56
       Potion            |       |       |    11 |     1 |     2 |     4 ||    18
 Stab: Sleeping          |     2 |     2 |     3 |     3 |       |       ||    10
       Distracted        |       |     1 |       |       |     1 |    10 ||    12
       Invisible         |       |       |     1 |       |       |    11 ||    12
       Confused          |       |       |       |       |       |    10 ||    10
  Eat: Chunk             |     1 |     8 |     6 |    18 |    16 |       ||    49
       Ration            |       |       |     2 |     2 |     6 |    11 ||    21
Armor: Ring mail         |    47 |    64 |   139 |    93 |       |       ||   343
       Skin              |       |       |    15 |       |       |       ||    15
       Scale mail        |       |       |       |   108 |   301 |    15 ||   424
       Troll leather arm |       |       |       |     9 |       |       ||     9
       Chain mail        |       |       |       |       |       |   635 ||   635
Dodge: Dodged            |    63 |    73 |   126 |   139 |   148 |   285 ||   834
Block: Buckler           |       |    31 |   182 |       |       |       ||   213
       Shield            |       |       |    50 |   564 |   342 |       ||   956
       Reflection        |       |       |       |    26 |    35 |    70 ||   131
       Large shield      |       |       |       |       |   632 |  1466 ||  2098
